 Dungeon Crawl Stone Soup version 0.20.1-1-g8b1a95d (webtiles) character file.

117000 gungar the Warrior (level 16, 0/124 HPs)
             Began as a Minotaur Berserker on Oct 10, 2017.
             Was a High Priest of Trog.
             Killed by divine providence
             ... invoked by a smoke demon
              (13 damage)
             ... on level 3 of the Abyss.
             The game lasted 02:28:55 (29048 turns).

gungar the Warrior (Minotaur Berserker)            Turns: 29048, Time: 02:28:56

Health: 0/124      AC: 28    Str: 30    XL:     16   Next: 22%
Magic:  1/15       EV: 15    Int:  3    God:    Trog [*****.]
Gold:   1877       SH: 22    Dex: 14    Spells: 15/15 levels left

rFire    + . .     SeeInvis .   r - +1 eveningstar (drain)
rCold    . . .     Gourm    +   P - +1 large shield {AC+3}
rNeg     . . .     Faith    .   J - +6 chain mail of Beyond {rPois rC- MR+++ Int+3}
rPois    +         Spirit   .   E - +0 hat
rElec    .         Reflect  .   s - scarf {rC+ rF+}
rCorr    .         Harm     .   C - +1 pair of gloves {Str+3}
MR       +++++                  O - +2 pair of boots {Stlth+}
Stlth    ..........             Z - amulet of the gourmand
Regen    1.3/turn               q - +2 ring of strength
MPRegen  0.2/turn               Q - ring of stealth

@: very slightly contaminated, regenerating, drained
A: retaliatory headbutt, horns 2, [dopey 2], [frail 2], [subdued magic 2]
a: Berserk, Trog's Hand, Brothers in Arms, Burn Spellbooks, Renounce Religion


You were on level 3 of the Abyss.
You worshipped Trog.
Trog was extremely pleased with you.
You were full.

You visited 6 branches of the dungeon, and saw 28 of its levels.
You visited the Abyss 1 time.
You also visited: Labyrinth and Sewer.

You collected 2117 gold pieces.
You spent 240 gold pieces at shops.

Inventory:

Hand Weapons
 c - a +3 antimagic mace
 m - a +0 flail
 r - a +1 eveningstar of draining (weapon)
 R - a +1 flail of holy wrath
 U - a +1 whip of holy wrath
Missiles
 y - 16 exploding tomahawks
 A - 49 tomahawks (quivered)
Armour
 s - a scarf of resistance (worn)
 B - a +2 cloak of invisibility
 C - a +1 pair of gloves of strength (worn)
 E - a +0 hat (worn)
 J - the +6 chain mail of Beyond (worn) {rPois rC- MR+++ Int+3}
   (You found it on level 13 of the Dungeon)

   It affects your intelligence (+3).
   It makes you vulnerable to cold.
   It protects you from poison.
   It affects your resistance to hostile enchantments.
 L - a +0 shield of reflection
 O - a +2 pair of boots of stealth (worn)
 P - a +1 large shield of protection (worn)
Jewellery
 e - an uncursed ring of flight
 h - the ring "Janow" {*Tele rPois rF- Dex+4 Stlth+}
   (You found it on level 12 of the Dungeon)

   [ring of teleportation]

   It may teleport you next to monsters.
   It affects your dexterity (+4).
   It makes you vulnerable to fire.
   It protects you from poison.
   It makes you more stealthy.
 j - a cursed amulet of inaccuracy {unknown}
 q - a +2 ring of strength (left hand)
 u - an uncursed ring of fire
 z - an uncursed ring of positive energy
 M - an uncursed ring of fire
 Q - a ring of stealth (right hand)
 Z - an amulet of the gourmand (around neck)
Wands
 a - a wand of disintegration (4/24)
 F - a wand of iceblast (7/15)
 I - a wand of clouds (2/9)
Scrolls
 b - 3 scrolls of fear
 g - 14 scrolls of identify
 n - 14 scrolls of remove curse
 o - 3 scrolls of enchant weapon
 t - 3 scrolls of magic mapping
 v - 8 scrolls of teleportation
 N - 2 scrolls of fog
 S - 2 scrolls of enchant armour
Potions
 d - 5 potions of agility
 i - 4 potions of curing
 k - 5 potions of might
 p - 3 potions of ambrosia
 w - 2 potions of flight {unknown}
 x - 5 potions of lignification
 K - a potion of mutation
 T - 2 potions of cancellation
Comestibles
 f - 7 meat rations
 l - 19 bread rations
 G - 32 fruits
 W - 9 royal jellies


   Skills:
 * Level 17.0(16.6) Fighting
 + Level 16.7(16.3) Maces & Flails
 + Level 14.5(14.1) Armour
 + Level 13.3(13.0) Dodging
 * Level 14.5(14.1) Shields


You had 15 spell levels left.
You didn't know any spells.

Dungeon Overview and Level Annotations

Branches:
Dungeon (15/15)            Temple (1/1) D:5            Lair (5/6) D:10
 Shoals (4/4) Lair:2        Snake (0/4) Lair:4        Slime (0/5) Lair:5
    Orc (2/2) D:9             Elf (1/3) Orc:2        Vaults (0/5) D:13
 Depths (0/5) D:15

Altars:
Ashenzari
Cheibriados
Dithmenos
Elyvilon
Fedhas
Gozag
Hepliaklqana
Kikubaaqudgha
Makhleb
Nemelex Xobeh
Okawaru
Qazlal
Ru
Sif Muna
Trog
Uskayaw
Vehumet
Xom
Yredelemnul
Zin
The Shining One

Shops:
D:15 =   Orc:2 }%%[

Annotations:
D:3 Robin
Shoals:3 Polyphemus


Innate Abilities, Weirdness & Mutations

You reflexively headbutt those who attack you in melee.
You have a pair of horns on your head.
[You are very dopey. (Int -4)]
[You are very frail. (-20% HP)]
[Your spells are easier to cast, but less powerful.]


Message History

Trog accepts your kill. The spatial maelstrom misses you. x2
You hear a bark!
The smoke demon gestures at you. Something smites you!
* * * LOW HITPOINT WARNING * * *
Your troll closely misses something.
Your troll claws something!
Your troll barely misses something.
A raiju comes into view.
Your troll bites the spatial maelstrom!
Your troll claws the spatial maelstrom!!
Your troll claws the spatial maelstrom!
The spatial maelstrom hits your troll.
Your troll disappears!
Your troll reappears nearby!
A tentacle flies out from the starspawn's body!
Found a gateway leading deeper into the Abyss.
A spatial vortex and a starspawn tentacle come into view.
The spatial vortex moves out of view.
The smoke demon gestures at you. Something smites you!
You die...

#
..#....#..####.
.
#...##......###
..#.v.###*3#...#
#.#....#─.wX.
.## #. #
.##/##X###.# #..
###...#v†.### #.
..###..### ..
#.h...# #§.#@.v#
#...#...# ..##
..v#T.# #.
.#.#..## #
..##..#. ..
#.>## .%# #..
#.# ...


You could see a tentacled starspawn, a spatial maelstrom, a wretched star, 2
spatial vortices, a large abomination, a smoke demon, a raiju, a starspawn
tentacle and a friendly troll (berserk).

Vanquished Creatures
  Rupert (Lair:4)
  Donald (Shoals:1)
  A fire giant (D:15)
  Josephine (D:10)
  5 merfolk impalers
  A minotaur (Lab)
  A merfolk javelineer (Shoals:2)
  2 vault guards (D:13)
  A catoblepas (Shoals:3)
  4 merfolk avatars
  An ice dragon (Shoals:2)
  3 hydras
  The ghost of zkobry the Covert, a journeyman DsAr of Okawaru (D:12)
  2 alligator snapping turtles (Shoals:2)
  The ghost of Jotun the Geomancer, a journeyman GrEE of Vehumet (D:10)
  A merfolk aquamancer (Shoals:1)
  14 two-headed ogres
  6 centaur warriors
  A satyr (Shoals:3)
  3 dancing weapons
  2 ogre magi (D:15)
  3 death yaks (Shoals:3)
  2 deep elf knights
  Nergalle (Lair:2)
  A fire crab (shapeshifter) (D:15)
  2 wizards
  4 sea snakes
  2 wolf spider zombies
  An orc knight (Orc:2)
  4 harpies
  An ugly thing (D:12)
  2 deep elf magi (Elf:1)
  3 merfolk sirens (Shoals:1)
  13 elephants
  4 oklob plants
  6 cyclopes
  7 fauns
  5 manticores
  Joseph (D:8)
  2 black mambas
  9 water nymphs
  3 gargoyles
  4 spiny frogs
  A kobold demonologist (D:12)
  An orange demon (Abyss:3)
  2 efreet (D:15)
  2 rime drakes
  8 komodo dragons
  2 tengu conjurers (D:14)
  A yaktaur (D:13)
  4 wind drakes
  4 trolls
  An ancient zyme (Abyss:3)
  A polar bear (Lair:3)
  15 merfolk
  A hornet (D:11)
  2 dream sheep (Shoals:3)
  4 snapping turtles
  16 blink frogs
  15 hippogriffs
  8 slime creatures
  3 wyverns
  9 water elementals
  32 yaks
  4 wraiths
  3 fire elementals (D:13)
  5 fire bats (Lair:1)
  15 humans
  3 hungry ghosts
  The ghost of irongrip the Skirmisher, an amateur DsAK of Lugonu (D:4)
  A steam dragon (D:12)
  2 basilisks
  Grum (D:8)
  3 vampire mosquitoes (D:15)
  An acid dragon (D:14)
  A warg (Orc:2)
  3 nagas (Lair:4)
  A small abomination (Abyss:3)
  9 water moccasins
  23 orc warriors
  10 porcupines
  5 ice beasts
  A hornet zombie (D:7)
  3 sky beasts
  2 black bears
  11 ogres
  2 eyes of draining (D:14)
  5 phantoms
  10 wolves
  24 centaurs
  4 crocodiles
  5 big kobolds
  22 bullfrogs
  A wyvern skeleton (D:10)
  4 scorpions
  6 killer bees
  8 wights
  8 howler monkeys
  4 crimson imps
  2 lava snakes (Lair:1)
  A quasit (Abyss:3)
  3 hounds
  3 bullfrog zombies
  7 orc priests
  6 jellies
  3 bullfrog skeletons
  2 centaur skeletons
  10 iguanas
  28 orc wizards
  7 worker ants
  A killer bee zombie (D:9)
  2 hound zombies
  3 gnolls (D:5)
  A worker ant zombie (D:11)
  16 adders
  4 shadow imps
  An ooze (D:2)
  An adder zombie (D:5)
  3 adder skeletons
  6 worms
  4 dart slugs
  7 leopard geckos
  71 orcs
  2 ball pythons
  2 bats
  6 giant cockroaches
  8 hobgoblins
  18 jackals
  7 quokkas
  10 frilled lizards
  2 giant cockroach zombies (D:5)
  11 goblins
  27 kobolds
  2 leopard gecko zombies
  11 rats
  A fungus (Lair:5)
  3 plants
778 creatures vanquished.

Vanquished Creatures (collateral kills)
  Azrael (D:13)
  A rakshasa (D:15)
  A centaur warrior (Orc:2)
  Urug (D:13)
  A wizard (D:13)
  2 orc knights (Orc:2)
  4 slime creatures (D:13)
  A raiju (Abyss:3)
  2 humans (D:13)
  A hell hound (D:13)
  9 orc warriors (Orc:2)
  A bullfrog (D:13)
  3 orcs (Orc:2)
28 creatures vanquished.

Vanquished Creatures (others)
  A fungus (Lair:3)
  7 plants
  15 starspawn tentacles (Abyss:3)
23 creatures vanquished.

Grand Total: 829 creatures vanquished

Notes
Turn   | Place    | Note
-------+----------+-------------------------------------------
     0 | D:1      | gungar the Minotaur Berserker began the quest for the Orb.
     0 | D:1      | Reached XP level 1. HP: 19/19 MP: 0/0
    72 | D:1      | Reached XP level 2. HP: 27/27 MP: 1/1
   399 | D:1      | Reached ** piety under Trog
   924 | D:2      | Reached skill level 5 in Maces & Flails
   924 | D:2      | Reached XP level 3. HP: 33/33 MP: 2/2
  1208 | D:2      | Found an iron altar of Okawaru.
  1997 | D:2      | Reached XP level 4. HP: 35/40 MP: 3/3
  2123 | D:3      | Noticed Robin
  2416 | D:3      | Reached *** piety under Trog
  2644 | D:4      | Reached XP level 5. HP: 44/46 MP: 4/4
  2666 | D:4      | Found a glowing drain.
  2686 | D:4      | Noticed irongrip's ghost (amateur DsAK)
  2704 | D:4      | Killed irongrip's ghost
  2704 | D:4      | Reached XP level 6. HP: 52/52 MP: 5/5
  2764 | Sewer    | Entered a sewer
  3750 | D:4      | Reached **** piety under Trog
  4028 | D:4      | Reached XP level 7. HP: 55/58 MP: 6/6
  4102 | D:5      | Entered Level 5 of the Dungeon
  4137 | D:5      | Found a staircase to the Ecumenical Temple.
  4144 | D:5      | Reached skill level 4 in Fighting
  4256 | Temple   | Entered the Ecumenical Temple
  4813 | D:5      | Reached skill level 10 in Maces & Flails
  4850 | D:5      | Reached skill level 5 in Fighting
  5230 | D:5      | Reached skill level 6 in Fighting
  5251 | D:5      | Reached XP level 8. HP: 46/70 MP: 7/7
  5761 | D:6      | Reached skill level 7 in Fighting
  5763 | D:6      | Reached ***** piety under Trog
  6625 | D:7      | Reached XP level 9. HP: 46/81 MP: 8/8
  6635 | D:7      | Reached skill level 8 in Fighting
  7311 | D:8      | Noticed Joseph
  7564 | D:8      | Killed Joseph
  7660 | D:8      | Reached skill level 9 in Fighting
  7836 | D:8      | Reached skill level 5 in Armour
  7996 | D:8      | Noticed Grum
  8009 | D:8      | Killed Grum
  8009 | D:8      | Reached skill level 5 in Dodging
  8546 | D:9      | Noticed a two-headed ogre
  8561 | D:9      | Killed a two-headed ogre
  8561 | D:9      | Reached skill level 10 in Fighting
  8561 | D:9      | Reached XP level 10. HP: 85/93 MP: 9/9
  8684 | D:9      | Found a staircase to the Orcish Mines.
  8723 | D:9      | Received a gift from Trog
  9434 | D:10     | Entered Level 10 of the Dungeon
  9506 | D:10     | Reached skill level 11 in Fighting
  9515 | D:10     | Noticed Josephine
  9523 | D:10     | Killed Josephine
  9687 | D:10     | Found a staircase to the Lair.
  9727 | D:10     | Noticed a two-headed ogre
  9737 | D:10     | Killed a two-headed ogre
  9737 | D:10     | Reached XP level 11. HP: 71/104 MP: 10/10
  9778 | D:10     | Noticed Jotun's ghost (journeyman GrEE)
  9797 | D:10     | Killed Jotun's ghost
 10252 | D:10     | Noticed a two-headed ogre
 10260 | D:10     | Killed a two-headed ogre
 10260 | D:10     | Reached skill level 12 in Fighting
 10605 | D:11     | Noticed a centaur warrior
 10631 | D:10     | Killed a centaur warrior
 10634 | D:10     | Reached skill level 10 in Armour
 10800 | D:11     | Found a flickering gateway to a bazaar.
 10809 | D:11     | Received a gift from Trog
 11735 | D:12     | Reached skill level 10 in Dodging
 11790 | D:12     | Noticed a two-headed ogre
 11800 | D:12     | Killed a two-headed ogre
 11800 | D:12     | Reached skill level 13 in Fighting
 12070 | D:12     | Reached skill level 1 in Shields
 12070 | D:12     | Reached XP level 12. HP: 113/115 MP: 11/11
 12324 | D:12     | Noticed zkobry's ghost (journeyman DsAr)
 12338 | D:12     | Killed zkobry's ghost
 12423 | D:12     | Got a fine iron ring
 12425 | D:12     | Identified the ring "Janow" {*Tele rPois rF- Dex+4 Stlth+} (You found it on level 12 of the Dungeon)
 12929 | D:13     | Noticed a centaur warrior
 12944 | D:13     | Killed a centaur warrior
 13028 | D:13     | Got an encrusted chain mail
 13042 | D:13     | Identified the +6 chain mail of Beyond {rPois rC- MR+++ Int+3} (You found it on level 13 of the Dungeon)
 13069 | D:13     | Reached ****** piety under Trog
 13121 | D:13     | Noticed Azrael
 13135 | D:13     | Noticed Urug
 13137 | D:13     | Killed Azrael
 13137 | D:13     | Reached skill level 5 in Shields
 13144 | D:13     | Received a gift from Trog
 13154 | D:13     | Killed Urug
 13750 | D:13     | Noticed a vault guard
 13771 | D:13     | Killed a vault guard
 13909 | D:13     | Noticed a vault guard
 13920 | D:13     | Killed a vault guard
 14027 | D:13     | Found a gate to the Vaults.
 14336 | Lair:1   | Entered Level 1 of the Lair of Beasts
 14418 | Lair:1   | Received a gift from Trog
 14428 | Lair:1   | Reached skill level 14 in Fighting
 14473 | Lair:1   | Found a labyrinth entrance.
 14494 | Lab      | Entered a labyrinth
 14998 | Lab      | Noticed a minotaur
 15006 | Lab      | Killed a minotaur
 15006 | Lab      | Reached XP level 13. HP: 124/124 MP: 12/12
 15248 | Lair:1   | Found a glowing silver altar of Zin.
 15828 | Lair:2   | Found a staircase to the Shoals.
 15850 | Lair:2   | Noticed Nergalle
 15861 | Lair:2   | Killed Nergalle
 17479 | Lair:4   | Noticed Rupert
 17486 | Lair:4   | Killed Rupert
 17608 | Lair:4   | Found a staircase to the Snake Pit.
 17864 | Lair:4   | Identified a scroll of acquirement
 18315 | Lair:5   | Reached skill level 10 in Shields
 18380 | Lair:5   | Reached XP level 14. HP: 133/133 MP: 13/13
 18824 | Lair:5   | Found a staircase to the Slime Pits.
 18978 | Lair:5   | Received a gift from Trog
 19932 | D:14     | Reached skill level 15 in Maces & Flails
 20014 | D:14     | Reached skill level 15 in Fighting
 20177 | D:14     | Received a gift from Trog
 21122 | D:15     | Entered Level 15 of the Dungeon
 21127 | D:15     | Found Iminosu's Jewellery Emporium.
 21651 | D:15     | Found a staircase to the Depths.
 21651 | D:15     | Noticed a fire giant
 21913 | D:15     | Killed a fire giant
 21913 | D:15     | Reached XP level 15. HP: 141/141 MP: 14/14
 22787 | Orc:1    | Entered Level 1 of the Orcish Mines
 22900 | Orc:2    | Entered Level 2 of the Orcish Mines
 22913 | Orc:2    | Received a gift from Trog
 23031 | Orc:2    | Found a staircase to the Elven Halls.
 23224 | Orc:2    | Found Wodoitu's Food Emporium.
 23224 | Orc:2    | Found Pocownih's Food Boutique.
 23228 | Orc:2    | Found Uclo's Gadget Shop.
 23233 | Orc:2    | Found Leapnon's Antique Armour Shoppe.
 23247 | Orc:2    | Bought a pair of runed gloves for 240 gold pieces
 23826 | Shoals:1 | Entered Level 1 of the Shoals
 24832 | Shoals:1 | Reached skill level 16 in Fighting
 24921 | Shoals:2 | Noticed Donald
 25120 | Shoals:1 | Killed Donald
 25503 | Shoals:2 | HP: 4/144 [ice dragon/blast of cold (39)]
 27262 | Shoals:3 | Reached XP level 16. HP: 124/152 MP: 15/15
 27415 | Shoals:3 | Noticed Polyphemus
 28148 | Shoals:4 | Entered Level 4 of the Shoals
 28327 | Elf:1    | Entered Level 1 of the Elven Halls
 28702 | Elf:1    | Cast into level 3 of the Abyss (hand axe of distortion)
 28778 | Abyss:3  | Noticed a tentacled starspawn
 28871 | Abyss:3  | Paralysed by accursed screaming for 1 turns
 28892 | Abyss:3  | Noticed a bone dragon
 28919 | Abyss:3  | Paralysed by accursed screaming for 1 turns
 28926 | Abyss:3  | Paralysed by you for 3 turns
 28942 | Abyss:3  | Noticed a tentacled starspawn
 29021 | Abyss:3  | Reached skill level 17 in Fighting
 29048 | Abyss:3  | Killed from afar by a smoke demon

Skill      XL: |  1  2  3  4  5  6  7  8  9 10 11 12 13 14 15 16 |
---------------+-------------------------------------------------+-----
Maces & Flails | 4 5 7 8 9 10 12 13 14 15 16 | 16.7
Fighting       | 6 7 10 11 13 14 15 16 17 | 17.0
Armour         | 6 8 11 12 13 14 | 14.5
Dodging        | 6 8 10 11 12 13 | 13.3
Shields        | 1 7 10 12 14 | 14.5

Action                   |  1- 3 |  4- 6 |  7- 9 | 10-12 | 13-15 | 16-18 || total
-------------------------+-------+-------+-------+-------+-------+-------++-------
Melee: Mace              |     5 |       |       |       |       |       ||     5
       Whip              |    94 |   225 |   467 |   615 |       |       ||  1401
       Headbutt          |    15 |    39 |   100 |   191 |   347 |    43 ||   735
       Eveningstar       |       |       |       |   118 |  1318 |   138 ||  1574
Throw: Stone             |     4 |     1 |       |       |       |       ||     5
Invok: Berserk           |     1 |     4 |     4 |     6 |     5 |       ||    20
       Trog's Hand       |       |       |     1 |     2 |     4 |     2 ||     9
       Burn Spellbooks   |       |       |       |     4 |     3 |       ||     7
       Brothers in Arms  |       |       |       |     2 |     2 |     1 ||     5
 Abil: Evoke Flight      |       |       |       |       |     1 |       ||     1
  Use: Scroll            |       |     7 |    10 |     7 |    11 |     2 ||    37
       Potion            |       |       |       |     2 |     2 |    11 ||    15
 Stab: Petrified         |       |       |       |       |       |     6 ||     6
       Petrifying        |       |       |       |       |       |     1 ||     1
       Paralysed         |       |       |       |       |       |     1 ||     1
  Eat: Chunk             |     4 |    11 |    17 |    46 |    53 |     4 ||   135
       Meat ration       |       |       |     1 |       |       |       ||     1
Armor: Animal skin       |     5 |       |       |       |       |       ||     5
       Leather armour    |     2 |       |       |       |       |       ||     2
       Ring mail         |     7 |       |       |       |       |       ||     7
       Scale mail        |     4 |    70 |   119 |       |       |       ||   193
       Chain mail        |       |       |     4 |   160 |   422 |    93 ||   679
       Plate armour      |       |       |       |    52 |       |       ||    52
Dodge: Dodged            |    45 |    80 |   128 |   233 |   380 |    61 ||   927
Block: Large shield      |       |       |       |   173 |  1268 |   210 ||  1651
